 Dungeon Crawl Stone Soup version 0.31-a0-833-gc15d34cb79 (webtiles) character file.

Game seed: 16457608898536132427

14530 Aneyh the Impaler (level 12, -6/68 HPs)
             Began as a Tengu Monk on Sept 25, 2023.
             Was an Elder of Hepliaklqana.
             Killed by divine providence
             ... invoked by a meliai
              (15 damage)
             ... on level 14 of the Dungeon.
             The game lasted 00:27:13 (9623 turns).

Aneyh the Impaler (Tengu Monk)                      Turns: 9623, Time: 00:27:23

Health: -6/68      AC:  9    Str: 16    XL:     12   Next: 17%
Magic:  13/13      EV: 21    Int: 11    God:    Hepliaklqana [****..]
Gold:   1298       SH:  0    Dex: 17    Spells: 11/11 levels left

rFire   + . .        a - +0 halberd (drain)
rCold   . . .        (shield currently unavailable)
rNeg    . . .        Q - +1 leather armour of the Abyss {rF+ Slay+3}
rPois   .            X - +0 hat
rElec   .            (no cloak)
rCorr   .            P - +0 pair of gloves
SInv    .            (boots unavailable)
Will    .....        C - amulet of regeneration
Stlth   +            h - +4 ring of protection
HPRegen 1.11/turn    (no ring)
MPRegen 0.13/turn

%: acrobat
@: flying
A: reduced essence, beak, talons 3, evasive flight, acrobatic
a: Renounce Religion, Recall Ancestor, Ancestor Identity, Transference, Idealise


You were on level 14 of the Dungeon.
You worshipped Hepliaklqana.
Hepliaklqana was greatly pleased with you.
You visited 2 branches of the dungeon, and saw 15 of its levels.

You collected 1508 gold pieces.
You spent 210 gold pieces at shops.

Inventory:

Hand Weapons
 a - a +0 halberd of draining (weapon)
 b - a +0 orcbow of flaming
 c - a +1 great sword of electrocution
 l - a +0 great sword
 q - a +0 heavy great mace
 s - a +1 dire flail of protection
 u - the +0 great mace of Loineo {heavy, rC+ Will- Dex+3 Stlth+}
   (You took it off an ogre on level 5 of the Dungeon)

   Dex+3:     It affects your dexterity (+3).
   rC+:       It protects you from cold.
   Will-:     It decreases your willpower.
   Stlth+:    It makes you more stealthy.
 z - a +0 trident
 A - a +1 heavy war axe
 B - a +0 scimitar
 M - a +5 halberd
 N - the +8 whip of Corruption {vamp, rF+ rN+ Str+2}
   (You found it on level 5 of the Dungeon)

   Str+2:     It affects your strength (+2).
   rF+:       It protects you from fire.
   rN+:       It protects you from negative energy.
 U - a +4 war axe of distortion
 W - a +0 glaive
Missiles
 J - 3 throwing nets
Armour
 I - +0 steam dragon scales
 P - a +0 pair of gloves (worn)
 Q - the +1 leather armour of the Abyss (worn) {rF+ Slay+3}
   (You bought it in a shop on level 8 of the Dungeon)

   Slay+3:    It affects your accuracy & damage with ranged weapons and melee
   (+3).
   rF+:       It protects you from fire.
 V - +0 acid dragon scales
 X - a +0 hat (worn)
Jewellery
 h - a +4 ring of protection (left hand)
 m - a ring of ice
 y - an amulet of reflection
 C - an amulet of regeneration (around neck)
Wands
 e - a wand of mindburst (24)
 D - a wand of flame (27)
 G - a wand of paralysis (11)
 H - a wand of polymorph (14)
 S - a wand of iceblast (2)
Scrolls
 d - 3 scrolls of identify
 f - 3 scrolls of immolation
 g - 3 scrolls of fog {unknown}
 i - 2 scrolls of silence {unknown}
 j - 3 scrolls of revelation {unknown}
 k - 2 scrolls of poison
 n - a scroll of amnesia {unknown}
 p - 2 scrolls of vulnerability {unknown}
 r - 2 scrolls of enchant armour {unknown}
 v - 2 scrolls of blinking
 F - a scroll of teleportation
 O - a scroll of fear {unknown}
 R - a scroll of noise {unknown}
Potions
 o - a potion of lignification
 t - 3 potions of brilliance
 w - 8 potions of curing
 x - a potion of mutation {unknown}
 E - a potion of haste
 K - a potion of heal wounds
 L - a potion of enlightenment {unknown}
 T - a potion of magic {unknown}


   Skills:
 + Level 9.2 Fighting
 * Level 6.1 Maces & Flails
 - Level 16.0 Polearms
 + Level 9.2 Dodging


You had 11 spell levels left.
You didn't know any spells.
Your spell library contained the following spells:

 Spells                   Type           Power      Damage    Failure   Level
 Magic Dart               Conj           0%         1d3       41%         1
 Necrotise                Necr           0%         1d4       41%         1
 Blink                    Tloc           0%         N/A       54%         2
 Call Imp                 Summ           0%         N/A       54%         2
 Ensorcelled Hibernation  Hex/Ice        0%         N/A       54%         2
 Jinxbite                 Hex            0%         N/A       54%         2
 Static Discharge         Conj/Air       0%         2-2/arc   54%         2
 Sublimation of Blood     Necr           0%         N/A       54%         2
 Wereblood                Tmut           0%         N/A       54%         2
 Call Canine Familiar     Summ           0%         N/A       78%         3
 Mephitic Cloud           Conj/Pois/Air  0%         N/A       78%         3
 Sigil of Binding         Hex            0%         N/A       78%         3
 Vampiric Draining        Necr           0%         2d6       78%         3
 Airstrike                Air            0%         2d(0-16)  99%         4
 Anguish                  Hex/Necr       0%         N/A       99%         4
 Dimensional Bullseye     Hex/Tloc       0%         N/A       99%         4
 Leda's Liquefaction      Hex/Erth       0%         N/A       99%         4
 Manifold Assault         Tloc           0%         N/A       99%         4
 Petrify                  Tmut/Erth      0%         N/A       99%         4
 Summon Lightning Spire   Summ/Air       0%         N/A       99%         4
 Agony                    Necr           0%         N/A       100%        5
 Irradiate                Conj/Tmut      0%         3d11      100%        5
 Summon Hydra             Summ           0%         N/A       100%        7


Dungeon Overview and Level Annotations

Branches:
Dungeon (14/15)            Temple (1/1) D:6            Lair (0/5) D:8
    Orc (0/2) D:12
 Vaults: D:13-14

Altars:
Ashenzari
Cheibriados
Dithmenos
Elyvilon
Fedhas
Gozag
Hepliaklqana
Kikubaaqudgha
Makhleb
Nemelex Xobeh
Okawaru
Qazlal
Ru
Sif Muna
Trog
Uskayaw
Vehumet
Wu Jian
Xom
Yredelemnul
Zin
The Shining One

Shops:
D:5 (   D:7 *   D:8 [   D:12 *


Innate Abilities, Weirdness & Mutations

Your life essence is reduced to manifest your ancestor. (-10% HP)
You have a beak for a mouth.
You have claws for feet.
Your magical flight helps you evade attacks. (EV +4)
You can magically evade attacks while moving or waiting.


Message History

Sofian blocks the killer bee's attack.
The meliai calls down the wrath of its god upon you.
Something smites you!
A killer bee comes into view.
The killer bee closely misses you. x2
A killer bee comes into view.
The killer bee stings Sofian but does no damage.
A killer bee comes into view.
The killer bee stings you. The meliai misses you. x2
Sofian completely misses the killer bee.
Sofian blocks the killer bee's attack.
The killer bee stings Sofian but does no damage.
The killer bee stings Sofian.
The meliai misses you.
The meliai barely misses Sofian.
The meliai barely misses you.
The meliai mumbles some strange prayers to its god against you.
Something smites you!
* * * LOW HITPOINT WARNING * * *
A killer bee comes into view.
The killer bee stings Sofian but does no damage.
Sofian blocks the killer bee's attack.
The killer bee stings Sofian but does no damage.
The killer bee completely misses you.
The meliai calls down the wrath of its god upon you.
Something smites you!
* * * LOW HITPOINT WARNING * * *
You feel much better.
Your surroundings seem slightly different.
The killer bee completely misses you. The killer bee stings you.
* * * LOW HITPOINT WARNING * * *
The killer bee misses you. The meliai hits you with a +0 hand axe!
* * * LOW HITPOINT WARNING * * *
The meliai misses you.
Blink to where?
Press: ? - help, Dir - move target
As you read the scroll of blinking, it crumbles to dust.
The meliai calls upon its god to heal the killer bee.
The killer bee's wounds heal themselves!
The meliai mumbles some strange prayers to its god against you.
Something smites you!
You die...

##.....y#
#.....yy#
###..y.y..#
#....y.yy.##
#............
#...........#
#...........#
###.#....#...
########@#........
#................
###.####.####.#..
#.R..#.#.......
#.##.#.........
#.##.#.........
####.#.......
######.#......
#...........##


You could see 2 meliai and 4 killer bees.

Vanquished Creatures
  A hydra (D:14)
  Harold (D:10)
  2 two-headed ogres
  A cyclops (D:13)
  An ugly thing (D:13)
  2 manticores (D:13)
  A gargoyle (D:11)
  5 slime creatures (D:12)
  A rime drake (shapeshifter) (D:13)
  Psyche (D:9)
  A freezing wraith (D:13)
  A komodo dragon (D:8)
  A tengu conjurer (D:8)
  A kobold demonologist (D:11)
  A troll (D:13)
  The ghost of Newt the Spear-Bearer, an amateur MfGl (D:5)
  A shadow (D:8)
  A wyvern (D:7)
  A wraith (D:9)
  A basilisk (D:12)
  5 yaks (D:9)
  A steam dragon (D:8)
  A vampire mosquito (D:12)
  Menkaure (D:7)
  An acid dragon (D:10)
  2 water moccasins
  An orc warrior (D:6)
  2 ice beasts
  2 black bears
  4 ogres (D:5)
  A phantom (D:4)
  3 centaurs
  3 kobold brigands (D:11)
  Blork the orc (D:4)
  2 bullfrogs
  6 scorpions
  12 wights
  5 killer bees
  5 howler monkeys
  A jelly (D:6)
  3 hounds
  5 orc priests
  Terence (D:3)
  2 iguanas (D:5)
  17 orc wizards
  Robin (D:4)
  A gnoll (D:5)
  10 adders
  A shadow imp (D:5)
  An ufetubus (D:4)
  2 worms (D:2)
  3 dart slugs
  31 orcs
  2 ball pythons
  5 bats
  3 endoplasms
  3 giant cockroaches
  8 hobgoblins
  10 jackals
  22 kobolds
  6 quokkas
  4 frilled lizards
  17 goblins
  5 rats
248 creatures vanquished.

Vanquished Creatures (collateral kills)
  Amaemon (D:8)
  Joseph (D:8)
  An orange demon (D:8)
  A troll (D:12)
  A slime creature (D:8)
  A kobold brigand (D:7)
  A wight (D:7)
  2 killer bees
  2 orcs (D:9)
11 creatures vanquished.

Vanquished Creatures (others)
  4 knights
  2 orc wizards (D:3)
6 creatures vanquished.

Grand Total: 265 creatures vanquished

Notes
Turn   | Place    | Note
-------+----------+-------------------------------------------
     0 | D:1      | Aneyh the Tengu Monk began the quest for the Orb.
     0 | D:1      | Reached XP level 1. HP: 14/14 MP: 2/2
    87 | D:1      | Reached XP level 2. HP: 19/19 MP: 3/3
   102 | D:1      | Reached skill level 4 in Polearms
   415 | D:1      | Reached XP level 3. HP: 23/23 MP: 4/4
   993 | D:2      | Reached skill level 5 in Polearms
  1015 | D:2      | Reached XP level 4. HP: 28/28 MP: 5/5
  1372 | D:2      | Found a shadowy altar of Dithmenos.
  1899 | D:3      | Found a hide-covered altar of Uskayaw.
  1955 | D:3      | Reached skill level 6 in Polearms
  2187 | D:3      | Reached XP level 5. HP: 29/32 MP: 6/6
  2249 | D:3      | Noticed Terence
  2265 | D:3      | Killed Terence
  2424 | D:3      | Reached skill level 7 in Polearms
  2863 | D:3      | Found a faded altar of an unknown god.
  2947 | D:4      | Noticed Blork the orc
  2966 | D:4      | Killed Blork the orc
  2967 | D:4      | Reached XP level 6. HP: 23/37 MP: 7/7
  3252 | D:4      | Reached skill level 8 in Polearms
  3735 | D:4      | Noticed Robin
  3752 | D:4      | Gained mutation: Your magical flight helps you evade
                  | attacks. (EV +4) [Tengu growth]
  3752 | D:4      | Reached XP level 7. HP: 41/41 MP: 8/8
  3786 | D:4      | Killed Robin
  3847 | D:4      | Found a bloodstained altar of Trog.
  3875 | D:4      | Found a snail-covered altar of Cheibriados.
  3926 | D:5      | Entered Level 5 of the Dungeon
  3974 | D:4      | Identified a scroll of acquirement
  3974 | D:4      | Acquired 910 gold pieces
  3997 | D:5      | Reached skill level 9 in Polearms
  4203 | D:5      | Found Gicwenon's Antique Weapon Shop.
  4397 | D:5      | Reached skill level 10 in Polearms
  4418 | D:5      | Found a shimmering blue altar of Sif Muna.
  4445 | D:5      | Reached XP level 8. HP: 37/46 MP: 9/9
  4641 | D:5      | Reached skill level 11 in Polearms
  4814 | D:5      | Identified the +8 whip of Corruption {vamp, rF+ rN+ Str+2}
  4891 | D:5      | Reached skill level 12 in Polearms
  4951 | D:5      | Found a transporter.
  4951 | D:5      | Found a transporter.
  4952 | D:5      | Noticed Newt's ghost (amateur MfGl)
  4955 | D:5      | Identified the +0 great mace of Loineo {heavy, rC+ Will-
                  | Dex+3 Stlth+}
  5128 | D:5      | Reached skill level 5 in Dodging
  5128 | D:5      | Reached XP level 9. HP: 50/50 MP: 10/10
  5133 | D:5      | Killed Newt's ghost
  5819 | D:6      | Found a staircase to the Ecumenical Temple.
  5825 | Temple   | Entered the Ecumenical Temple
  5834 | Temple   | Became a worshipper of Hepliaklqana the Forgotten
  5834 | Temple   | Reached * piety under Hepliaklqana
  5834 | Temple   | Reached ** piety under Hepliaklqana
  5838 | Temple   | Remembered your ancestor Sofian as a knight
  6002 | D:7      | Noticed Menkaure
  6008 | D:7      | Killed Menkaure
  6210 | D:7      | Reached skill level 13 in Polearms
  6430 | D:7      | Reached XP level 10. HP: 50/50 MP: 11/11
  6478 | D:7      | Found a radiant altar of Vehumet.
  6492 | D:7      | Reached skill level 14 in Polearms
  6550 | D:7      | Found Noclutro's General Store.
  6749 | D:8      | Found Apreux's Antique Armour Emporium.
  6968 | D:8      | Bought a dazzling leather armour for 210 gold pieces
  6968 | D:8      | Identified the +1 leather armour of the Abyss {rF+ Slay+3}
                  | (You bought it in a shop on level 8 of the Dungeon)
  7134 | D:8      | Found an opulent altar of Gozag.
  7142 | D:8      | Found a white marble altar of Elyvilon.
  7209 | D:8      | Noticed Amaemon
  7209 | D:8      | Noticed an orange demon
  7217 | D:8      | Killed Amaemon
  7221 | D:8      | Killed an orange demon
  7272 | D:8      | Noticed a two-headed ogre
  7272 | D:8      | Noticed Joseph
  7283 | D:8      | Killed a two-headed ogre
  7284 | D:8      | Reached skill level 15 in Polearms
  7289 | D:8      | Killed Joseph
  7473 | D:8      | Found a staircase to the Lair.
  7604 | D:8      | Found a burning altar of Makhleb.
  7612 | D:8      | Paralysed by a centaur for 2 turns
  7617 | D:8      | Reached skill level 5 in Fighting
  7834 | D:9      | Reached *** piety under Hepliaklqana
  7846 | D:9      | Reached skill level 16 in Polearms
  7846 | D:9      | Reached XP level 11. HP: 56/56 MP: 12/12
  7953 | D:9      | Noticed Psyche
  7957 | D:9      | Killed Psyche
  7958 | D:9      | Reached skill level 1 in Maces & Flails
  8650 | D:10     | Entered Level 10 of the Dungeon
  8698 | D:10     | Noticed Harold
  8710 | D:10     | Killed Harold
  8777 | D:11     | Noticed a green ugly thing
  8874 | D:12     | Found Wigharus's Mail-Order Catalogue.
  8901 | D:12     | Found a staircase to the Orcish Mines.
  8924 | D:12     | Noticed a two-headed ogre
  8930 | D:12     | Killed a two-headed ogre
  9034 | D:12     | Reached skill level 5 in Maces & Flails
  9141 | D:12     | Reached **** piety under Hepliaklqana
  9199 | D:13     | Noticed a cyclops
  9208 | D:13     | Noticed a brown ugly thing
  9218 | D:13     | Killed a brown ugly thing
  9223 | D:13     | Killed a cyclops
  9294 | D:13     | Reached XP level 12. HP: 65/67 MP: 13/13
  9416 | D:13     | Noticed an eight-headed hydra
  9422 | D:13     | Noticed a centaur warrior
  9609 | D:14     | Noticed a five-headed hydra
  9617 | D:14     | Killed a five-headed hydra
  9621 | D:14     | HP: 1/68 [meliai/divine providence (13)]
  9623 | D:14     | Killed from afar by a meliai

Illustrated notes

Levels and vault maps discovered:
D:1:      lemuel_arrival_hallway, layout_loops_cross,
          wad_floor_pattern_untrapped
D:2:      layout_basic, basic_altar, corexii_hall_statues_l
D:3:      layout_loops_corners, marbit_many_paths,
          ebering_ecumenical_altar_hall, uniq_terence
D:4:      layout_basic, mainiacjoe_overflow_big_doors, uniq_blork_the_orc,
          uniq_robin
D:5:      minmay_razor_zed, layout_rooms, lemuel_tele_altar, serial_shops,
          nicolae_shop_dealshenge, gammafunk_ghost_smash
D:6:      layout_cave_pools, minmay_temple_entry_hall, minmay_misc_feat_chi
D:7:      layout_loops_cross, mainiacjoe_overflow_paths, serial_shops,
          nicolae_shop_behind_doors, uniq_menkaure
D:8:      minmay_bloctagon_deflated, layout_basic, overflow_temple_1_default,
          general_overflow_altar, kennysheep_little_box, david_lair_shrubbed,
          serial_shops, shop, eino_tiny_chamber, uniq_amaemon, uniq_joseph
D:9:      layout_irregular_city, uniq_psyche
D:10:     layout_basic, nicolae_custom_books, uniq_harold, uniq_erolcha,
          uniq_erica
D:11:     layout_loops_cross, uniq_fannar, uniq_sonja, uniq_snorg
D:12:     layout_cave_pools, david_orc_2, serial_shops, shop,
          monkooky_shop_mail_order
D:13:     layout_loops_ring
D:14:     layout_basic, skrybe_vaults_entry_preservation,
          ebering_ghost_rock_garden, special_room [special_room_bee]
Temple:   eino_temple_lava

Skill      XL: |  1  2  3  4  5  6  7  8  9 10 11 12 |
---------------+-------------------------------------+-----
Polearms       | 4 5 6 7 8 10 12 13 16 | 16.0
Dodging        | 5 6 7 8 9 |  9.2
Fighting       | 5 8 9 |  9.2
Maces & Flails | 5 6 |  6.1

Action                     |  1- 3 |  4- 6 |  7- 9 | 10-12 || total
---------------------------+-------+-------+-------+-------++-------
  Melee: Spear             |    81 |   242 |    48 |       ||   371
         Kick              |    15 |    47 |    52 |    58 ||   172
         Peck              |     7 |    33 |    32 |    37 ||   109
         Halberd           |       |       |   189 |   248 ||   437
         Great mace        |       |       |       |     2 ||     2
   Fire: Orcbow            |       |       |       |    39 ||    39
 Invoke: Ancestor Life: Kn |       |       |     1 |       ||     1
         Recall Ancestor   |       |       |       |     1 ||     1
    Use: Scroll            |       |       |    14 |     4 ||    18
         Potion            |       |       |     3 |     3 ||     6
   Stab: Sleeping          |     3 |     4 |     3 |     3 ||    13
         Distracted        |       |       |     1 |     2 ||     3
 Armour: Robe              |    22 |    73 |    56 |     2 ||   153
         Leather armour    |       |       |       |    70 ||    70
  Dodge: Dodged            |    45 |    94 |   121 |   162 ||   422

Table legend: (Time is in decaauts)
 A = Elapsed time spent in this place.
 B = Non-inter-level travel time spent in this place.
 C = Inter-level travel time spent in this place.
 D = Time resting spent in this place.
 E = Time spent auto-exploring this place.
 F = Levels seen in this place.
 G = Mean time per level.
                   A        B        C        D        E       F      G
               +--------+--------+--------+--------+--------+-----+--------+
         Total |   9450 |   9062 |    388 |   1626 |   5621 |  15 |  630.0 |
       Dungeon |   9430 |   9046 |    384 |   1626 |   5621 |  14 |  673.6 |
        Temple |     20 |     16 |      4 |      0 |      0 |   1 |   20.0 |
               +--------+--------+--------+--------+--------+-----+--------+

Top non-repeatable levels by time:
     D:5: 1461 daAuts
     D:8: 1053 daAuts
     D:3: 1047 daAuts
     D:4: 1007 daAuts
     D:2: 974 daAuts
     D:1: 864 daAuts
     D:9: 851 daAuts
     D:7: 730 daAuts
     D:6: 500 daAuts
    D:12: 337 daAuts
    D:13: 219 daAuts
    D:14: 183 daAuts
    D:10: 123 daAuts
    D:11: 73 daAuts
  Temple: 20 daAuts
